 Dungeon Crawl Stone Soup version 0.30.1-11-g7821555f0a (webtiles) character file.

Game seed: 4165573281345221876

659568 Ivernyr the Slayer (level 27, -5/198 (245) HPs)
             Began as a Formicid Fighter on Dec 11, 2023.
             Was the Champion of Wu Jian.
             Slain by a Brimstone Fiend (7 damage)
             ... on level 6 of Gehenna on Dec 12, 2023.
             The game lasted 04:53:16 (58207 turns).

Ivernyr the Slayer (Formicid Fighter)              Turns: 58207, Time: 04:53:17

HP:   -5/198 (245)  AC: 36    Str: 39      XL:     27
MP:   18/18         EV: 21    Int: 11 (14) God:    Wu Jian [******]
Gold: 7344          SH: 28    Dex: 15      Spells: 26/26 levels left

rFire   + + +        R - +18 lance "Wyrmbane" {slay drac, rPois rF+ rC+ AC+3}
rCold   + . .        p - +5 tower shield "Rilupt" {Drain rPois rF++ rCorr}
rNeg    + + +        Y - +3 pearl dragon scales
rPois   +            (helmet unavailable)
rElec   +            c - +1 cloak of Starlight {*Dazzle EV+4 Stlth--}
rCorr   +            B - +0 pair of gloves of Hedging {Will+ Regen+}
SInv    +            J - +2 pair of boots
Will    +++..        X - amulet of Vitality {RegenMP++ Regen++} Stlth
                     n - ring "Viemuph" {Fly rN+ Int+2}
HPRegen 2.93/turn    v - ring "Oduyhor" {rElec rN+ Str+6 Int+2 Dex+2}
MPRegen 0.96/turn

%: no passive effects
@: flying, studying Dodging, heavily drained, unable to read
A: permanent stasis, dig shafts and tunnels, antennae 3, four strong arms,
hooves 1, low MP 2, inability to drink after injury 1
}: 5/15 runes: barnacled, slimy, silver, abyssal, gossamer
a: Dig, Shaft Self, Renounce Religion, Wall Jump, Serpent's Lash, Heavenly Storm


You were on level 6 of Gehenna.
You worshipped Wu Jian.
Wu Jian was exalted by your worship.
You visited 14 branches of the dungeon, and saw 61 of its levels.
You visited the Abyss 3 times.
You also visited: Gauntlet, Ice Cave and Desolation.

You collected 10507 gold pieces.
You spent 3163 gold pieces at shops.

Inventory:

Hand Weapons
 R - the +18 lance "Wyrmbane" (weapon) {slay drac, rPois rF+ rC+ AC+3}
   (You took it off Maggie on level 2 of the Lair of Beasts)

   AC:        It affects your AC (+3).
   rF:        It protects you from fire.
   rC:        It protects you from cold.
   rPois:     It protects you from poison.
 U - a +3 bardiche of venom
 V - the +7 great mace "Undeadhunter" {deathbane, rN+}
   (You took it off a fire giant on level 5 of the Vaults)

   rN:        It protects you from negative energy.
Armour
 b - a +10 crystal plate armour of cold resistance
 c - the +1 cloak of Starlight (worn) {*Dazzle EV+4 Stlth--}
   (You found it on level 1 of the Depths)

   *Dazzle:   It may blind those who miss an attack against the wearer in melee
   combat.
   EV:        It affects your evasion (+4).
   Stlth:     It makes you much less stealthy.
 p - the +5 tower shield "Rilupt" (worn) {Drain rPois rF++ rCorr}
   (You bought it in a shop on level 2 of the Orcish Mines)

   rF:        It greatly protects you from fire.
   rPois:     It protects you from poison.
   rCorr:     It protects you from acid and corrosion.
   Drain:     It drains your maximum health when unequipped.
 B - the +0 pair of gloves of Hedging (worn) {Will+ Regen+}
   (You bought it in a shop on level 6 of the Dungeon)

   Regen:     It increases your rate of health regeneration.
   Will:      It increases your willpower.
 J - a +2 pair of boots (worn)
 Y - +3 pearl dragon scales (worn)
Jewellery
 n - the ring "Viemuph" (left hand) {Fly rN+ Int+2}
   (You found it in a Gauntlet)

   [ring of flight]

   Int:       It affects your intelligence (+2).
   rN:        It protects you from negative energy.
   Fly:       It grants you flight.
 v - the ring "Oduyhor" (right hand) {rElec rN+ Str+6 Int+2 Dex+2}
   (You found it in the Desolation of Salt)

   [ring of strength]

   Str:       It affects your strength (+6).
   Int:       It affects your intelligence (+2).
   Dex:       It affects your dexterity (+2).
   rElec:     It insulates you from electricity.
   rN:        It protects you from negative energy.
 y - a ring of protection from cold
 C - the ring "Recicsut" {+Blink rPois rC- rN+ Slay+6}
   (You took it off a deep elf zephyrmancer on level 3 of the Elven Halls)

   [ring of poison resistance]

   Slay:      It affects your accuracy & damage with ranged weapons and melee
   (+6).
   rC:        It makes you vulnerable to cold.
   rPois:     It protects you from poison.
   rN:        It protects you from negative energy.
   +Blink:    It lets you blink.
 T - the ring "Joruvin" {rN+ Str+6 Int+3 Dex-2}
   (You found it in a Gauntlet)

   [ring of strength]

   Str:       It affects your strength (+6).
   Int:       It affects your intelligence (+3).
   Dex:       It affects your dexterity (-2).
   rN:        It protects you from negative energy.
 W - the ring of Ninineil {rElec rN+ Stlth+}
   (You took it off a fire giant on level 5 of the Vaults)

   [ring of positive energy]

   rElec:     It insulates you from electricity.
   rN:        It protects you from negative energy.
   Stlth:     It makes you more stealthy.
 X - the amulet of Vitality (around neck) {RegenMP++ Regen++}
   (You found it on level 3 of the Shoals)

   [amulet of magic regeneration]

   It increases your rate of magic regeneration.
   Regen:     It increases your rate of health regeneration.
Wands
 g - a wand of acid (28)
 h - a wand of mindburst (11)
 F - a wand of iceblast (76)
 L - a wand of charming (65)
 M - a wand of flame (158)
 O - a wand of polymorph (22)
 S - a wand of digging (10)
Scrolls
 d - 2 scrolls of magic mapping
 i - 3 scrolls of butterflies
 k - 8 scrolls of amnesia
 l - 3 scrolls of poison
 o - 9 scrolls of fog
 s - 12 scrolls of fear
 w - 8 scrolls of silence
 H - 11 scrolls of enchant weapon
Potions
 a - 5 potions of flight
 e - 9 potions of ambrosia
 f - 28 potions of curing
 j - 12 potions of brilliance
 m - 6 potions of might
 r - 8 potions of invisibility
 u - 11 potions of mutation
 x - 3 potions of heal wounds
 A - 3 potions of resistance
 D - 2 potions of cancellation
 I - 2 potions of magic
 N - 9 potions of lignification
Miscellaneous
 G - a lightning rod (4/4)


   Skills:
 + Level 26.1 Fighting
 - Level 25.9(27) Polearms
 - Level 17.0(23.4) Staves
 + Level 25.2 Armour
 * Level 12.7 Dodging
 + Level 23.9 Shields
 - Level 15.4 Evocations


You had 26 spell levels left.
You didn't know any spells.
Your spell library contained the following spells:

 Spells                   Type           Power      Damage    Failure   Level
 Apportation              Tloc           0%         N/A       50%         1
 Beastly Appendage        Tmut           0%         N/A       50%         1
 Foxfire                  Conj/Fire      0%         2x1d4     50%         1
 Kiss of Death            Conj/Necr      0%         2d5       50%         1
 Magic Dart               Conj           0%         1d3       50%         1
 Necrotise                Necr           0%         1d4       50%         1
 Sandblast                Erth           0%         2d4       50%         1
 Slow                     Hex            0%         N/A       50%         1
 Sting                    Tmut/Pois      0%         1d3       50%         1
 Summon Small Mammal      Summ           0%         N/A       50%         1
 Cigotuvi's Dreadful Rot  Necr/Pois/Air  0%         N/A       63%         2
 Lesser Beckoning         Tloc           0%         N/A       63%         2
 Momentum Strike          Conj/Tloc      0%         3d8       63%         2
 Passwall                 Tmut/Erth      0%         N/A       63%         2
 Poisonous Vapours        Pois/Air       0%         N/A       63%         2
 Scorch                   Fire           0%         2d5       63%         2
 Searing Ray              Conj           0%         2d4       63%         2
 Sublimation of Blood     Necr           0%         N/A       63%         2
 Call Canine Familiar     Summ           0%         N/A       86%         3
 Confusing Touch          Hex            0%         N/A       86%         3
 Dazzling Flash           Conj/Hex       0%         N/A       86%         3
 Frozen Ramparts          Ice            0%         1d1       86%         3
 Gell's Gravitas          Tloc           0%         N/A       86%         3
 Ignite Poison            Fire/Tmut/Pois 0%         N/A       86%         3
 Inner Flame              Hex/Fire       0%         N/A       86%         3
 Mephitic Cloud           Conj/Pois/Air  0%         N/A       86%         3
 Ozocubu's Armour         Ice            0%         N/A       86%         3
 Portal Projectile        Hex/Tloc       0%         N/A       86%         3
 Stone Arrow              Conj/Erth      0%         3d7       86%         3
 Summon Guardian Golem    Hex/Summ       0%         N/A       86%         3
 Teleport Other           Tloc           0%         N/A       86%         3
 Tukima's Dance           Hex            0%         N/A       86%         3
 Vampiric Draining        Necr           0%         2d6       86%         3
 Volatile Blastmotes      Fire/Tloc      0%         2d10      86%         3
 Anguish                  Hex/Necr       0%         N/A       99%         4
 Animate Armour           Summ/Erth      0%         N/A       99%         4
 Cause Fear               Hex            0%         N/A       99%         4
 Dispel Undead            Necr           0%         3d6       99%         4
 Flame Wave               Conj/Fire      0%         2d4       99%         4
 Fulminant Prism          Conj/Hex       0%         3d5       99%         4
 Ice Form                 Ice/Tmut       0%         N/A       99%         4
 Leda's Liquefaction      Hex/Erth       0%         N/A       99%         4
 Manifold Assault         Tloc           0%         N/A       99%         4
 Olgreb's Toxic Radiance  Pois           0%         N/A       99%         4
 Petrify                  Tmut/Erth      0%         N/A       99%         4
 Sticky Flame             Conj/Fire      0%         2d3       99%         4
 Summon Ice Beast         Ice/Summ       0%         N/A       99%         4
 Summon Lightning Spire   Summ/Air       0%         N/A       99%         4
 Agony                    Necr           0%         N/A       100%        5
 Alistair's Intoxication  Tmut/Pois      0%         N/A       100%        5
 Arcjolt                  Conj/Air       0%         1d10      100%        5
 Blade Hands              Tmut           0%         N/A       100%        5
 Borgnjor's Vile Clutch   Necr/Erth      0%         N/A       100%        5
 Fireball                 Conj/Fire      0%         3d3       100%        5
 Freezing Cloud           Conj/Ice/Air   0%         6-21      100%        5
 Metabolic Englaciation   Hex/Ice        0%         N/A       100%        5
 Summon Forest            Summ/Tloc      0%         N/A       100%        5
 Yara's Violent Unravell  Hex/Tmut       0%         3d3       100%        5
 Death Channel            Necr           0%         N/A       100%        6
 Dispersal                Tloc           0%         N/A       100%        6
 Eringya's Noxious Bog    Tmut/Pois      0%         N/A       100%        6
 Plasma Beam              Fire/Air       0%         2x1d11    100%        6
 Simulacrum               Ice/Necr       0%         N/A       100%        6
 Starburst                Conj/Fire      0%         6d3       100%        6
 Statue Form              Tmut/Erth      0%         N/A       100%        6
 Enfeeble                 Hex            0%         N/A       100%        7
 Haunt                    Necr/Summ      0%         N/A       100%        7
 Malign Gateway           Summ/Tloc      0%         N/A       100%        7
 Ozocubu's Refrigeration  Ice            0%         4d7       100%        7
 Storm Form               Tmut/Air       0%         N/A       100%        7
 Summon Hydra             Summ           0%         N/A       100%        7
 Borgnjor's Revivificati  Necr           0%         N/A       100%        8
 Disjunction              Tloc           0%         N/A       100%        8
 Ignition                 Fire           0%         3d3       100%        8
 Infestation              Necr           0%         N/A       100%        8
 Lehudib's Crystal Spear  Conj/Erth      0%         10d2      100%        8
 Maxwell's Capacitive Co  Air            0%         ∞         100%        8
 Chain Lightning          Conj/Air       0%         N/A       100%        9
 Fire Storm               Conj/Fire      0%         5d1       100%        9
 Polar Vortex             Ice            0%         N/A       100%        9
 Shatter                  Erth           0%         3d5*      100%        9
 Blink                    Tloc           Unusable   N/A       N/A         2
 Vhi's Electric Charge    Tloc/Air       Unusable   N/A       N/A         3

Dungeon Overview and Level Annotations

Branches:
Dungeon (15/15)            Temple (1/1) D:4            Lair (5/5) D:10
 Shoals (4/4) Lair:2       Spider (4/4) Lair:2        Slime (5/5) Lair:5
    Orc (2/2) D:10            Elf (3/3) Orc:2        Vaults (5/5) D:13
  Crypt (3/3) Vaults:2       Tomb (0/3) Crypt:3      Depths (4/4) D:15
   Hell (visited)             Dis (0/7) Hell            Geh (4/7) Hell
    Coc (0/7) Hell            Tar (0/7) Hell            Zot (4/5) Depths:4
  IceCv (visited)         Desolation (visited)      Gauntlet (visited)

Altars:
Ashenzari
Cheibriados
Dithmenos
Elyvilon
Fedhas
Gozag
Hepliaklqana
Kikubaaqudgha
Makhleb
Nemelex Xobeh
Okawaru
Qazlal
Ru
Sif Muna
Trog
Uskayaw
Vehumet
Wu Jian
Xom
Yredelemnul
Zin
The Shining One
Jiyva

Shops:
D:3 *   D:6 [   D:9 !(   Orc:2 [*[*[   Shoals:1 [   Vaults:2 ((=   Vaults:5 [
Depths:1 :==   Depths:2 [

Portals:
Hell: Depths:1 Depths:2 Depths:3 Depths:4
Abyss: Depths:3
Pandemonium: Depths:2 Depths:4
Ziggurat: Depths:3

Annotations:
D:3 3 runed translucent doors, waddelsworth's ghost, weakling MiBe
D:4 2 runed translucent doors, ripuliukko's ghost, amateur GrEE
D:5 1 runed translucent door, bimbombam's ghost, amateur AtFi
Lair:5 exclusions: obsidian statue and oklob plant
Shoals:1 3 runed translucent doors
Crypt:1 3 runed translucent doors


Innate Abilities, Weirdness & Mutations

You cannot be hasted, slowed, berserked, paralysed or teleported.
You can dig through walls and to a lower floor.
You have a pair of large antennae on your head. (SInv)
Your four strong arms can wield two-handed weapons with a shield.
You have large cloven feet.
Your magical capacity is very low. (-20% MP)
You occasionally lose the ability to drink potions when taking damage.


Message History

You extend your mandibles.
You dig through the rock wall.
You feel drained.
The ancient champion attacks as you move away!
You block the ancient champion's attack.
A hellephant comes into view.
The hellephant trumpets!
The hellephant blinks! x2
The ancient champion casts a spell at you.
You block the iron shot.
You retract your mandibles.
You hit the Brimstone Fiend but do no damage.
The ancient champion points at you and mumbles some strange words.
You block the iron shot.
You block the ancient champion's attack.
The Brimstone Fiend gestures at you.
The sphere of damnation explodes!
The damnation engulfs you!!!
You feel threatened and lose the ability to drink potions!
* * * LOW HITPOINT WARNING * * *
The damnation engulfs the ancient champion!!
The damnation engulfs the Brimstone Fiend.
The Brimstone Fiend completely resists.
You hear an angry squeal.
You cannot drink potions in your current state!
Unknown command.
You cannot drink potions in your current state!
Are you sure you want to shaft yourself?
You can drink potions again.
The Brimstone Fiend roars!
You block the ancient champion's attack.
The hell hog breathes fire at you.
The fireball explodes!
The fireball engulfs the Brimstone Fiend.
The Brimstone Fiend completely resists.
The fireball engulfs you. You resist.
* * * LOW HITPOINT WARNING * * *
The fireball engulfs the hell hog.
The hell hog completely resists.
You block the ancient champion's attack.
The Brimstone Fiend hits you!
* * * LOW HITPOINT WARNING * * *
The Brimstone Fiend hits you!
You die...

##...##≈## ##
{+.....#≈≈####§≈ .
##...##§≈§≈≈≈..
...##.##..§§....
....#'#......#
§≈≈.§.....###########
##≈...≈..#.#≈.≈.≈.≈#
##§≈≈≈..'.#≈.≈Y≈.≈#
#§≈≈≈..###@≈.≈.≈#
#≈≈§§≈...{#z#1.≈.≈#
##.≈≈..###Cz#h≈.≈##
+..^..# #...§≈.≈#
#≈...## ##..≈>≈.#
#≈≈..# ...≈.≈...
#§§.{ Y.≈.≈.≈...
≈§§§.§ ..≈.≈.≈..#
...§§ ^...≈.≈..


You could see 2 hellephants, a Brimstone Fiend, a fire giant, 2 ancient
champions and a hell hog (wandering, catching breath).

Vanquished Creatures
  the Royal Jelly (Slime:5)
  Khufu (Crypt:1)
  3 ancient liches
  A juggernaut (Depths:1)
  2 royal mummies (Crypt:1)
  2 Killer Klowns (Zot:2)
  Frederick (Vaults:2)
  3 curse toes
  Geryon (Hell)
  4 golden dragons
  2 bone dragons
  The ghost of Jewicauj the Warrior, an adept MeFi of the Shining One (Depths:2)
  The ghost of Jewicauj the Warrior, an adept MeFi of the Shining One (Depths:2)
  Arachne (Spider:2)
  2 Brimstone Fiends
  An electric golem (Zot:3)
  Jorgrun (Elf:2)
  2 hellephants (Geh:4)
  14 tentacled monstrosities
  A shard shrike skeleton (Crypt:2)
  Zenata (Vaults:4)
  The ghost of Luham the Black Belt, an adept MeMo of Cheibriados (Depths:2)
  8 liches
  The ghost of Lianjan the Warrior, an adept MiGl of Gozag (Shoals:3)
  Rupert (Vaults:2)
  6 quicksilver dragons
  8 titans
  2 deep elf master archers (Elf:3)
  The ghost of Hothir Peme the Warrior, an adept MiFi of Trog (Shoals:3)
  2 deep elf blademasters (Elf:3)
  25 acid blobs
  The ghost of Ofajat the Messiah, an adept HOMo of Beogh (Shoals:3)
  8 searing wretches
  3 tentacled starspawn
  A kraken (Shoals:3)
  7 ancient champions
  7 sphinxes
  6 tengu reavers
  3 death cobs
  7 shadow dragons
  The ghost of Taqapiomp the Fighter, an adept MiFi of Okawaru (Depths:2)
  Gastronok (Lair:3)
  10 azure jellies
  7 draconian monks
  7 storm dragons
  15 vault wardens
  13 rockslimes
  5 emperor scorpions
  6 draconian knights
  3 daevas (Depths:1)
  7 frost giants
  4 iron dragons
  12 fire giants
  A revenant (Crypt:2)
  Roxanne (Spider:2)
  4 draconian scorchers
  6 balrugs
  An azure jelly (shapeshifter) (Vaults:5)
  7 deep elf sorcerers
  2 ghost moths (Spider:4)
  4 deep elf elementalists (Elf:3)
  An imperial myrmidon (Desolation)
  4 draconian shifters
  Louise (Shoals:3)
  3 spriggan defenders
  9 ghouls
  4 draconian annihilators
  A curse skull (Crypt:1)
  Aizul (Spider:4)
  23 ironbound preservers
  8 reapers
  5 angels
  An orc warlord (Orc:1)
  A cacodemon (Depths:4)
  7 draconian stormcallers
  11 quicksilver oozes
  3 war gargoyles
  A caustic shrike skeleton (Depths:2)
  30 very ugly things
  7 ironbound thunderhulks
  A broodmother (Spider:2)
  6 deep elf demonologists
  15 vampire knights
  9 stone giants
  14 green draconians
  4 deep elf annihilators (Elf:3)
  17 dire elephants
  11 black draconians
  A minotaur (Gauntlet)
  9 white draconians
  3 yellow draconians
  6 spark wasps
  9 purple draconians
  3 halazid warlocks (Desolation)
  12 deep elf death magi
  13 red draconians
  2 blizzard demons
  4 ettins
  5 crystal guardians
  10 merfolk javelineers
  4 iron golems (Hell)
  13 entropy weavers
  13 merfolk impalers
  4 fire dragons
  17 yaktaur captains
  7 jiangshi
  4 rakshasas
  3 ragged hierophants (Desolation)
  6 servants of whispers (Desolation)
  Harold (D:10)
  5 great orbs of eyes
  3 deep elf high priests
  A salamander tyrant (Geh:4)
  Fannar (Lair:1)
  A hell beast (Depths:2)
  A hydra (shapeshifter) (Elf:3)
  9 ice dragons
  2 spriggan skeletons
  The ghost of TangoThomas the Cleaver, a journeyman DsCA of Ignis (D:10)
  4 merfolk avatars
  Erica (Lair:2)
  A catoblepas (D:15)
  40 vault guards
  A hydra (D:12)
  An Orb Guardian zombie (Crypt:1)
  A fenstrider witch skeleton (Crypt:2)
  11 peacekeepers
  13 boulder beetles
  A jorogumo (Spider:3)
  12 centaur warriors
  A death knight (Crypt:3)
  2 radroaches
  2 spriggan air magi
  An alligator (shapeshifter) (Vaults:5)
  3 ogre magi (Vaults:5)
  5 ironbound frosthearts
  4 stokers
  An anaconda (shapeshifter) (Elf:1)
  23 dancing weapons
  2 tengu warriors (Depths:1)
  2 satyrs (Shoals:3)
  2 two-headed ogres (D:10)
  4 merfolk aquamancers
  8 deep troll earth magi
  2 alligator snapping turtles (Shoals:4)
  5 deep troll shamans
  3 thrashing horrors
  13 death yaks
  6 vampire magi
  11 hell hogs
  9 orc high priests
  2 titan zombies
  3 sun demons (Hell)
  18 deep elf knights
  17 hell knights
  4 shadow wraiths
  2 titan skeletons
  36 skeletal warriors
  5 iron trolls
  7 soul eaters
  2 crystal echidnas (Hell)
  6 pharaoh ants
  2 sixfirhies (Abyss:2)
  A spectral death yak (Lair:5)
  2 golden dragon zombies
  A storm dragon skeleton (Depths:2)
  5 wretched stars
  4 flayed ghosts
  10 sea snakes
  5 skysharks
  Lodul (D:11)
  A spectral anaconda (Lair:5)
  4 glowing orange brains
  48 deep trolls
  An anaconda zombie (Hell)
  12 large abominations
  An orange crystal statue (Hell)
  6 spatial maelstroms (Abyss:3)
  11 orb spiders
  A shadow demon (Abyss:3)
  11 wizards
  Pikel (D:9)
  20 harpies
  11 phantasmal warriors
  A bunyip skeleton (Abyss:2)
  6 steelbarb worms
  3 orc knights (Vaults:5)
  An anaconda skeleton (Crypt:2)
  14 ironbound convokers
  12 lindwurms
  19 deep elf archers
  An oklob plant (D:10)
  13 necromancers
  A lindwurm (shapeshifter) (Vaults:5)
  26 deep elf zephyrmancers
  27 ugly things
  19 wolf spiders
  A frost giant zombie (Depths:2)
  2 orc sorcerers
  15 moths of wrath
  36 deep elf pyromancers
  6 shining eyes
  An iron dragon zombie (Crypt:2)
  A wolf spider (shapeshifter) (Vaults:5)
  5 cyclopes
  8 fauns
  11 manticores
  A cyclops (shapeshifter) (Vaults:5)
  A salamander (D:15)
  6 merfolk sirens
  2 centaur zombies
  2 ice statues (IceCv)
  An apocalypse crab (Abyss:2)
  21 elephants
  16 vault sentinels
  5 black mambas
  A fire giant skeleton (Depths:2)
  4 smoke demons (Abyss:2)
  13 water nymphs
  6 guardian serpents
  A guardian serpent (shapeshifter) (Depths:4)
  2 rust devils
  An eye of devastation (shapeshifter) (Vaults:4)
  4 orange demons
  Maurice (D:9)
  A centaur skeleton (Crypt:2)
  A dire elephant zombie (Crypt:2)
  14 cane toads
  3 eyes of devastation
  16 demonic crawlers
  An alligator snapping turtle skeleton (Crypt:2)
  2 naga skeletons
  4 gargoyles (D:12)
  Maggie (Lair:2)
  7 torpor snails
  36 yaktaurs
  4 hellions
  4 rime drakes
  4 kobold demonologists (D:10)
  A white draconian zombie (Crypt:2)
  10 komodo dragons
  A dire elephant skeleton (Crypt:1)
  An orb spider zombie (Crypt:2)
  A tormentor (Abyss:2)
  2 sea snake zombies (Hell)
  An efreet (Abyss:3)
  6 freezing wraiths
  12 ice devils
  7 ancient zymes (Abyss:2)
  3 anaconda simulacra (IceCv)
  A red devil (Hell)
  33 merfolk
  A catoblepas skeleton (Crypt:3)
  A tengu conjurer (Depths:1)
  4 guardian mummies
  A merfolk (shapeshifter) (Vaults:5)
  A sea snake skeleton (Hell)
  A grey draconian skeleton (Crypt:2)
  2 polar bears
  A minotaur skeleton (Crypt:3)
  2 hellwings
  6 wind drakes
  47 saltlings (Desolation)
  A hornet (Depths:3)
  A polar bear (shapeshifter) (Vaults:5)
  2 meliai (Spider:4)
  8 trolls
  4 raiju
  A harpy skeleton (Crypt:3)
  26 tarantellas
  A culicivora zombie (Crypt:3)
  14 blink frogs
  An alligator zombie (Hell)
  A radroach zombie (Crypt:1)
  13 snapping turtles
  An ettin zombie (Crypt:2)
  7 dream sheep
  A merfolk skeleton (Crypt:3)
  92 slime creatures
  46 water elementals
  25 jumping spiders
  An alligator skeleton (Hell)
  A centaur simulacrum (D:15)
  An ettin skeleton (Crypt:2)
  A fire dragon skeleton (Crypt:3)
  13 air elementals
  2 dire elephant simulacra
  4 shadows
  4 wyverns
  6 flying skulls
  11 wraiths
  A ynoxinul (Depths:4)
  A spriggan (Depths:3)
  19 culicivoras
  9 fire bats (Abyss:2)
  2 vampires
  A wyvern (shapeshifter) (Vaults:5)
  4 basilisks
  10 starcursed masses
  52 yaks
  5 fire elementals
  A yak (shapeshifter) (Depths:4)
  7 golden eyes
  A human (shapeshifter) (Abyss:3)
  Grum (Lair:1)
  A sea snake simulacrum (Hell)
  A neqoxec (Abyss:2)
  2 death yak simulacra (Lair:5)
  56 redbacks
  2 steam dragons
  8 vampire mosquitoes
  A spectral cane toad (Lair:5)
  A harpy simulacrum (Crypt:1)
  6 wargs
  A water nymph zombie (Crypt:3)
  2 spatial vortices (Abyss:3)
  17 water moccasins
  3 acid dragons
  A human skeleton (Depths:2)
  A two-headed ogre skeleton (Crypt:3)
  A floating eye (Slime:2)
  An ice beast (D:7)
  6 hell hounds
  20 orc warriors
  A black bear (Lair:3)
  15 ogres
  2 elephant skeletons (Lair:5)
  3 wolves (Lair:1)
  16 centaurs
  A phantom (D:4)
  A centaur (shapeshifter) (Vaults:5)
  A hog skeleton (Crypt:1)
  2 elf zombies
  10 kobold brigands
  A komodo dragon zombie (Crypt:1)
  4 gnoll sergeants
  4 two-headed ogre simulacra (IceCv)
  3 earth elementals
  A necrophage (Crypt:1)
  12 bullfrogs
  3 cane toad simulacra
  2 scorpions
  12 small abominations
  13 wights
  2 howler monkeys
  9 killer bees
  5 elephant simulacra
  3 electric eels
  A jelly (D:7)
  5 human zombies (Crypt:1)
  3 quasits
  37 orc priests
  4 hounds
  Crazy Yiuf (D:6)
  2 gnoll boudas
  Terence (D:3)
  A black bear skeleton (Crypt:3)
  21 orc wizards
  3 sleepcaps
  An iguana (D:5)
  15 hell rats
  A scorpion zombie (Crypt:1)
  2 troll simulacra (IceCv)
  A polar bear simulacrum (IceCv)
  A spriggan simulacrum (IceCv)
  A wolf simulacrum (IceCv)
  An acid dragon skeleton (Crypt:1)
  15 mummies
  25 gnolls
  A naga simulacrum (IceCv)
  3 adders
  7 shadow imps
  7 white imps
  6 ufetubi
  4 worms
  5 dart slugs
  103 orcs
  8 ball pythons
  2 endoplasms (D:1)
  A giant cockroach (D:3)
  4 goblins
  7 hobgoblins
  4 quokkas
  3 bats
  4 frilled lizards
  A gnoll skeleton (Crypt:3)
  A goblin skeleton (Crypt:3)
  A hobgoblin zombie (Crypt:2)
  11 kobolds
  6 rats
  A butterfly (Lair:2)
  2 creeping infernos
  19 fire vortices
  A lurking horror (Abyss:2)
  2 starspawn tentacles
  3 tentacles (Shoals:3)
2668 creatures vanquished.

Vanquished Creatures (collateral kills)
  A skyshark (Lair:4)
  A cane toad (Lair:4)
  A queen bee (shapeshifter) (D:14)
  2 yaks (Lair:5)
  A water moccasin (Lair:4)
6 creatures vanquished.

Vanquished Creatures (others)
  Donald (Spider:3)
  A draconian annihilator (Zot:3)
  A boulder beetle (Spider:2)
  4 deep elf knights
  A deep elf archer (Elf:1)
  A deep elf pyromancer (Elf:3)
  2 deep elf zephyrmancers (Elf:3)
  A merfolk siren (Shoals:4)
  A water elemental (Elf:1)
  A dream sheep zombie (Lair:5)
  A yak zombie (Lair:5)
  An orc zombie (D:12)
  4 ball lightnings (Elf:1)
  2 creeping infernos
  2 fire vortices
  4 starspawn tentacles
  A tentacle (Shoals:3)
29 creatures vanquished.

Grand Total: 2703 creatures vanquished

Notes
Turn   | Place    | Note
-------+----------+-------------------------------------------
     0 | D:1      | Ivernyr the Formicid Fighter began the quest for the Orb.
     0 | D:1      | Reached XP level 1. HP: 18/18 MP: 1/1
    67 | D:1      | Reached XP level 2. HP: 20/24 MP: 2/2
   329 | D:1      | Reached XP level 3. HP: 25/29 MP: 3/3
   590 | D:1      | Reached XP level 4. HP: 20/37 MP: 4/4
   768 | D:2      | Found a glowing golden altar of the Shining One.
   918 | D:2      | Reached XP level 5. HP: 42/42 MP: 5/5
  1106 | D:3      | Noticed Terence
  1120 | D:3      | Killed Terence
  1121 | D:3      | Reached skill level 4 in Fighting
  1156 | D:3      | Found a faded altar of an unknown god.
  1231 | D:3      | Reached skill level 5 in Shields
  1363 | D:3      | Found Cibraz's Assorted Antiques.
  1487 | D:3      | Found a hide-covered altar of Uskayaw.
  1494 | D:3      | Found an ancient bone altar of Kikubaaqudgha.
  1696 | D:3      | Reached XP level 6. HP: 48/48 MP: 6/6
  1851 | D:3      | Found a runed translucent gate.
  1851 | D:3      | Noticed waddelsworth's ghost (weakling MiBe)
  1852 | D:3      | Found a runed translucent gate.
  1852 | D:3      | Found a runed translucent gate.
  2267 | D:4      | Found a staircase to the Ecumenical Temple.
  2347 | Temple   | Entered the Ecumenical Temple
  2347 | Temple   | Found a transporter.
  2347 | Temple   | Found a transporter.
  2349 | Temple   | Found a transporter.
  2349 | Temple   | Found a transporter.
  2593 | D:4      | Found a large runed translucent door.
  2594 | D:4      | Found a large runed translucent door.
  2599 | D:4      | Noticed ripuliukko's ghost (amateur GrEE)
  2923 | D:4      | Found a bloodstained altar of Trog.
  3206 | D:5      | Entered Level 5 of the Dungeon
  3223 | D:5      | Found a runed translucent door.
  3224 | D:5      | Noticed bimbombam's ghost (amateur AtFi)
  3509 | D:5      | Found a stormy altar of Qazlal.
  3757 | D:5      | Reached XP level 7. HP: 45/55 MP: 7/7
  3908 | D:5      | Reached skill level 5 in Staves
  4384 | D:6      | Reached skill level 5 in Fighting
  4384 | D:6      | Reached skill level 5 in Armour
  4400 | D:6      | Found Paozuh's Armour Emporium.
  4416 | D:6      | Bought the +0 pair of gloves of Hedging {Will+ Regen+} for
                  | 239 gold pieces
  4726 | D:6      | You fall into a shaft and drop 1 floor!
  4796 | D:7      | Found a glowing golden altar of the Shining One.
  5035 | D:6      | Reached XP level 8. HP: 50/62 MP: 8/8
  5222 | D:6      | Found a runed translucent door.
  5223 | D:6      | Noticed Crazy Yiuf
  5229 | D:6      | Killed Crazy Yiuf
  5394 | D:7      | Found a broken altar of Ashenzari.
  5724 | D:7      | Found a snail-covered altar of Cheibriados.
  6154 | D:8      | Identified the +6 hand axe "Kufeos" {pain, Fly rElec}
  6393 | D:8      | Reached skill level 6 in Fighting
  6410 | D:8      | Reached XP level 9. HP: 69/69 MP: 9/9
  6481 | D:8      | Found a blossoming altar of Fedhas.
  7256 | D:9      | Noticed Pikel
  7273 | D:9      | Killed Pikel
  7274 | D:9      | Reached skill level 7 in Fighting
  7277 | D:9      | Found a shadowy altar of Dithmenos.
  7306 | D:9      | Reached XP level 10. HP: 55/72 MP: 10/10
  7355 | D:9      | Noticed Maurice
  7367 | D:9      | Killed Maurice
  7587 | D:9      | Reached skill level 8 in Fighting
  7651 | D:9      | Found Rufe's Distillery.
  7652 | D:9      | Found Siovvul's Antique Weapon Shoppe.
  7656 | D:9      | Bought a potion of curing for 30 gold pieces
  7890 | D:9      | Found an ornate altar of the Wu Jian Council.
  7912 | D:9      | Found a basalt altar of Yredelemnul.
  7925 | D:9      | Became a worshipper of the Wu Jian Council
  8057 | D:10     | Entered Level 10 of the Dungeon
  8062 | D:10     | Noticed a two-headed ogre
  8075 | D:10     | Killed a two-headed ogre
  8076 | D:10     | Reached skill level 10 in Staves
  8076 | D:10     | Reached skill level 10 in Shields
  8076 | D:10     | Reached XP level 11. HP: 53/87 MP: 11/11
  8319 | D:10     | Found a sacrificial altar of Ru.
  8362 | D:10     | Reached * piety under Wu Jian
  8365 | D:10     | Reached skill level 9 in Fighting
  8521 | D:10     | Found a white marble altar of Elyvilon.
  8523 | D:10     | Noticed Harold
  8613 | D:10     | Killed Harold
  8623 | D:10     | Noticed a two-headed ogre
  8635 | D:10     | Killed a two-headed ogre
  8702 | D:10     | Found a staircase to the Lair.
  8702 | D:10     | Noticed an oklob plant
  8711 | D:10     | Killed an oklob plant
  8745 | D:10     | Found a staircase to the Orcish Mines.
  8763 | D:10     | Reached ** piety under Wu Jian
  8811 | D:10     | Found a runed translucent gate.
  8811 | D:10     | Found a runed translucent gate.
  8812 | D:10     | Noticed TangoThomas's ghost (journeyman DsCA)
  8813 | D:10     | Found a runed translucent gate.
  9024 | D:10     | Reached XP level 12. HP: 96/96 MP: 12/12
  9058 | D:10     | Killed TangoThomas's ghost
  9186 | Lair:1   | Entered Level 1 of the Lair of Beasts
  9186 | Lair:1   | Noticed Grum
  9186 | Lair:1   | Noticed Fannar
  9191 | Lair:1   | Killed Fannar
  9192 | Lair:1   | Reached skill level 10 in Fighting
  9192 | Lair:1   | Reached skill level 10 in Armour
  9226 | Lair:1   | Killed Grum
  9604 | Lair:1   | Found an iron altar of Okawaru.
  9649 | Lair:1   | Reached *** piety under Wu Jian
 10378 | Lair:2   | Found a staircase to the Shoals.
 10390 | Lair:2   | Reached skill level 11 in Fighting
 10533 | Lair:2   | Noticed Maggie
 10547 | Lair:2   | Killed Maggie
 10547 | Lair:2   | Reached XP level 13. HP: 106/106 MP: 13/13
 10951 | Lair:2   | HP: 5/107 [death yak (32)]
 11124 | Lair:2   | Noticed Erica
 11147 | Lair:2   | Killed Erica
 11234 | Lair:2   | Reached skill level 12 in Fighting
 11363 | Lair:2   | Found a hole to the Spider Nest.
 11590 | Lair:3   | Found a gate leading to a gauntlet.
 11597 | Gauntlet | Entered a Gauntlet
 11597 | Gauntlet | Found a transporter.
 11607 | Gauntlet | Found a transporter.
 11610 | Gauntlet | Found a transporter.
 11610 | Gauntlet | Found a transporter.
 11610 | Gauntlet | Found the +3 pair of gauntlets of War {Slay+5}
 11613 | Gauntlet | Found a transporter.
 11614 | Gauntlet | Found a transporter.
 11618 | Gauntlet | Found a runed translucent door.
 11620 | Gauntlet | Found a runed translucent door.
 11622 | Gauntlet | Found a transporter.
 11663 | Gauntlet | Found a transporter.
 11693 | Gauntlet | Found the +2 pair of slick slippers {slick, slippery, EV+4}
 11694 | Gauntlet | Noticed a four-headed hydra
 11697 | Gauntlet | Found a transporter.
 11698 | Gauntlet | Found a transporter.
 11706 | Gauntlet | Found a transporter.
 11709 | Gauntlet | Found a transporter.
 11844 | Gauntlet | Identified the ring "Viemuph" {Fly rN+ Int+2}
 11850 | Gauntlet | Identified the ring "Joruvin" {rN+ Str+6 Int+3 Dex-2}
 11932 | Gauntlet | Noticed a minotaur
 11939 | Gauntlet | Killed a minotaur
 12068 | Lair:3   | Reached skill level 13 in Fighting
 12141 | Lair:3   | Noticed Gastronok
 12203 | Lair:3   | Killed Gastronok
 12262 | Lair:3   | Found a shadowy altar of Dithmenos.
 12332 | Lair:3   | Reached XP level 14. HP: 113/118 MP: 14/14
 13009 | Lair:4   | Reached **** piety under Wu Jian
 13162 | Lair:4   | Reached skill level 15 in Staves
 13282 | Lair:4   | Reached skill level 14 in Fighting
 13885 | Lair:5   | Entered Level 5 of the Lair of Beasts
 14177 | Lair:5   | Found a staircase to the Slime Pits.
 14198 | Lair:5   | Reached skill level 15 in Shields
 14249 | Lair:5   | Reached ***** piety under Wu Jian
 14266 | Lair:5   | Found a blossoming altar of Fedhas.
 14343 | Lair:5   | Reached skill level 15 in Fighting
 14518 | Lair:5   | Reached XP level 15. HP: 129/129 MP: 15/15
 14639 | Lair:5   | Got the Elucidation of Solid Accelerants
 15681 | D:11     | Noticed Lodul
 15694 | D:11     | Killed Lodul
 15798 | D:11     | Reached skill level 16 in Fighting
 16514 | D:12     | Found a frozen archway.
 16540 | IceCv    | Entered an ice cave
 16776 | IceCv    | Reached ****** piety under Wu Jian
 16816 | IceCv    | Noticed a reaper
 16833 | IceCv    | Killed a reaper
 17239 | D:12     | Reached skill level 1 in Dodging
 17401 | D:13     | Found a gate to the Vaults.
 17426 | D:13     | Reached XP level 16. HP: 117/139 MP: 16/16
 17702 | D:13     | Found an opulent altar of Gozag.
 18134 | D:14     | Reached skill level 17 in Fighting
 18535 | D:14     | Found a shadowy altar of Dithmenos.
 18729 | D:15     | Entered Level 15 of the Dungeon
 19043 | D:15     | Found a staircase to the Depths.
 19103 | D:15     | Reached skill level 15 in Armour
 19517 | Orc:1    | Entered Level 1 of the Orcish Mines
 19987 | Orc:2    | Entered Level 2 of the Orcish Mines
 20144 | Orc:2    | Found Gotong Pirych's Antique Armour Emporium.
 20242 | Orc:2    | Found Niev's General Store.
 20261 | Orc:2    | Found Saolyicy's Antique Armour Emporium.
 20566 | Orc:2    | Found a staircase to the Elven Halls.
 20629 | Orc:2    | Found Giuxot's Antique Armour Emporium.
 20629 | Orc:2    | Found Xommot's Assorted Antiques.
 20671 | Orc:2    | Bought a twisted tower shield for 294 gold pieces
 20671 | Orc:2    | Identified the +5 tower shield "Rilupt" {Drain rPois rF++
                  | rCorr} (You bought it in a shop on level 2 of the Orcish
                  | Mines)
 20671 | Orc:2    | Bought a smoking cloak for 294 gold pieces
 20671 | Orc:2    | Identified the +0 cloak of Dishonesty {rPois} (You bought
                  | it in a shop on level 2 of the Orcish Mines)
 20706 | Orc:2    | Bought a runed scarf for 216 gold pieces
 20766 | Orc:2    | Bought a faintly glowing plate armour for 784 gold pieces
 20766 | Orc:2    | Identified the +3 plate armour of Free Expression {rCorr
                  | MP-9 Dex+4} (You bought it in a shop on level 2 of the
                  | Orcish Mines)
 20963 | Elf:1    | Entered Level 1 of the Elven Halls
 20988 | Elf:1    | You fall into a shaft and drop 1 floor!
 20988 | Elf:2    | Found a runed translucent gate.
 20988 | Elf:2    | Found a runed translucent gate.
 20988 | Elf:2    | Found a runed translucent gate.
 21121 | Elf:2    | Reached skill level 1 in Polearms
 21137 | Elf:2    | Reached XP level 17. HP: 115/148 MP: 17/17
 21384 | Elf:1    | Reached skill level 5 in Polearms
 21537 | Elf:1    | Got the Discursus on the Dead
 22296 | Elf:2    | Noticed Jorgrun
 22306 | Elf:2    | Killed Jorgrun
 22415 | Elf:2    | Reached skill level 18 in Fighting
 22791 | Elf:2    | Reached skill level 10 in Polearms
 22842 | Elf:2    | Reached XP level 18. HP: 157/157 MP: 18/18
 23212 | Elf:3    | Entered Level 3 of the Elven Halls
 23621 | Elf:3    | Identified the ring of Ipelutt {rC+ MP+9 Int+2}
 23627 | Elf:3    | Noticed a deep elf master archer
 23640 | Elf:3    | Noticed a deep elf blademaster
 23652 | Elf:3    | Killed a deep elf blademaster
 23654 | Elf:3    | Noticed a deep elf blademaster
 23657 | Elf:3    | Noticed an Executioner
 23665 | Elf:3    | Noticed a deep elf master archer
 23679 | Elf:3    | Killed a deep elf blademaster
 23713 | Elf:3    | Killed a deep elf master archer
 23787 | Elf:3    | Noticed an Executioner
 23885 | Abyss:2  | Cast into level 2 of the Abyss (a ghostly deep elf
                  | sorcerer)
 24184 | Abyss:2  | Found a corrupted altar of Lugonu.
 24304 | Elf:2    | Escaped the Abyss
 24431 | Elf:3    | Reached XP level 19. HP: 84/151 MP: 19/19
 24552 | Elf:3    | Reached skill level 19 in Fighting
 24557 | Elf:3    | Identified the +2 war axe of Vuosufec {freeze, rPois rF+
                  | Str-5 Int+3}
 24557 | Elf:3    | Identified the +4 ring mail "Larph" {Rampage rElec rF+
                  | rC++}
 24558 | Elf:3    | Noticed an Ice Fiend
 24743 | Elf:3    | Identified the staff of death "Utihoite" {rN+ Str+2 Stlth+}
 24753 | Elf:3    | Identified the ring "Recicsut" {+Blink rPois rC- rN+
                  | Slay+6}
 24847 | Elf:3    | Identified the +1 pair of gloves "Edghabb" {rPois rN+
                  | Int+2}
 24934 | Elf:3    | Found a radiant altar of Vehumet.
 25083 | Elf:3    | Identified the staff of air "Roicza" {rElec rF+ Int+3}
 25677 | Orc:2    | Bought a warped plate armour for 784 gold pieces
 25677 | Orc:2    | Identified the +4 plate armour of the Northern Lights
                  | {Int+2} (You bought it in a shop on level 2 of the Orcish
                  | Mines)
 25677 | Orc:2    | Bought a faintly humming chain mail for 266 gold pieces
 25677 | Orc:2    | Identified the +5 chain mail "Xushrar" {Fly rPois rF+} (You
                  | bought it in a shop on level 2 of the Orcish Mines)
 25707 | Orc:2    | Bought a heavily runed chain mail for 256 gold pieces
 25707 | Orc:2    | Identified the +0 chain mail "Ymupseco" {rC+} (You bought
                  | it in a shop on level 2 of the Orcish Mines)
 25864 | Spider:1 | Entered Level 1 of the Spider Nest
 27154 | Spider:2 | Reached skill level 1 in Evocations
 27174 | Spider:2 | Noticed Arachne
 27184 | Spider:2 | Killed Arachne
 27235 | Spider:2 | Identified Roxanne's Guide on Changing
 27235 | Spider:2 | Noticed Roxanne
 27263 | Spider:2 | Killed Roxanne
 27489 | Spider:2 | Reached skill level 15 in Polearms
 27605 | Spider:3 | Reached XP level 20. HP: 163/175 MP: 20/20
 27638 | Spider:3 | Noticed Donald
 27646 | Spider:3 | Killed Donald
 28782 | Spider:4 | Entered Level 4 of the Spider Nest
 28816 | Spider:4 | Noticed Aizul
 28831 | Spider:4 | Killed Aizul
 29494 | Spider:4 | Reached skill level 5 in Evocations
 29513 | Spider:4 | Reached skill level 20 in Fighting
 29773 | Spider:4 | Got a gossamer rune of Zot
 29967 | Shoals:1 | Entered Level 1 of the Shoals
 29967 | Shoals:1 | Found a runed translucent gate.
 29967 | Shoals:1 | Found Yger's Armour Shoppe.
 29967 | Shoals:1 | Found a runed translucent gate.
 29967 | Shoals:1 | Found a runed translucent gate.
 30059 | Shoals:1 | Found the +0 mask of the Dragon {Will+ Slay+3 SInv}
 30153 | Shoals:1 | Identified the +8 chain mail of Wariness {rC+ Str+2 Int-4}
 30649 | Shoals:1 | You are sucked into a shaft and drop 1 floor!
 30902 | Shoals:2 | Reached XP level 21. HP: 71/183 MP: 21/21
 31038 | Shoals:2 | Identified the +2 quarterstaff "Cojul" {drain, Drain rPois
                  | Int-3 Dex+6}
 31700 | Shoals:2 | Identified 2 scrolls of acquirement
 32144 | Shoals:3 | Noticed Louise
 32173 | Shoals:3 | Killed Louise
 32504 | Shoals:3 | Found a runed translucent gate.
 32504 | Shoals:3 | Found a runed translucent gate.
 32504 | Shoals:3 | Found a runed translucent gate.
 32504 | Shoals:3 | Noticed Ofajat's ghost (adept HOMo)
 32505 | Shoals:3 | Noticed Hothir Peme's ghost (adept MiFi)
 32505 | Shoals:3 | Noticed Lianjan's ghost (adept MiGl)
 32505 | Shoals:3 | Found the amulet of Vitality {RegenMP++ Regen++}
 32534 | Shoals:3 | Killed Hothir Peme's ghost
 32550 | Shoals:3 | Killed Ofajat's ghost
 32567 | Shoals:3 | Killed Lianjan's ghost
 32576 | Shoals:3 | Identified the ring "Zachiuxt" {Fly Str+3}
 32831 | Shoals:4 | Entered Level 4 of the Shoals
 33349 | Shoals:4 | Found a shadowy altar of Dithmenos.
 33662 | Shoals:4 | Got a barnacled rune of Zot
 33668 | Shoals:4 | Identified the staff of poison "Koqerch" {Drain rPois Will+
                  | Int+5}
 33673 | Shoals:4 | Identified the staff of earth "Wyputim" {Dex+2}
 33934 | Vaults:1 | Entered Level 1 of the Vaults
 34169 | Vaults:1 | Reached XP level 22. HP: 192/192 MP: 22/22
 34458 | Vaults:1 | Reached skill level 21 in Fighting
 34535 | Vaults:1 | Found the +1 robe of Vines {NoPotionHeal Regen++++}
 35269 | Vaults:2 | Found a staircase to the Crypt.
 35297 | Vaults:2 | Found Noaky's Weapon Boutique.
 35333 | Vaults:2 | Found Iryd's Armour Emporium.
 35364 | Vaults:2 | Noticed Rupert
 35365 | Vaults:2 | Noticed Frederick
 35369 | Vaults:2 | Found Xash's Jewellery Shop.
 35385 | Vaults:2 | Killed Rupert
 35399 | Vaults:2 | Killed Frederick
 35446 | Vaults:2 | Found Wihiw's Antique Weapon Shop.
 35554 | Vaults:2 | Found a crumbling gateway.
 35556 | Vaults:2 | Found a white marble altar of Elyvilon.
 35556 | Vaults:2 | Found a glowing golden altar of the Shining One.
 35556 | Vaults:2 | Found a glowing silver altar of Zin.
 35582 | Desolati | Entered the Desolation of Salt
 35627 | Desolati | Reached skill level 10 in Evocations
 35877 | Desolati | Got the Octavo of Hexing Correspondence
 35882 | Desolati | Identified the ring "Oduyhor" {rElec rN+ Str+6 Int+2 Dex+2}
 35888 | Desolati | Got the Elucidation of Hyperbolic Teratogeny
 36033 | Desolati | Reached XP level 23. HP: 201/201 MP: 23/23
 36129 | Desolati | Found the +4 Cigotuvi's embrace {Corpsefed rMiasma Drain
                  | rN+}
 36165 | Desolati | Got the Almanac of the Mausoleum
 36622 | Vaults:2 | Acquired a +3 bardiche of flaming
 36624 | Vaults:2 | Acquired 1195 gold pieces
 37943 | Vaults:3 | Reached skill level 22 in Fighting
 38530 | Vaults:4 | Noticed Zenata
 38548 | Vaults:4 | Killed Zenata
 38650 | Vaults:4 | Reached XP level 24. HP: 210/210 MP: 23/23
 39630 | Depths:1 | Entered Level 1 of the Depths
 39813 | Depths:1 | Noticed a juggernaut
 39831 | Depths:1 | Killed a juggernaut
 40432 | Depths:1 | Found the +1 cloak of Starlight {*Dazzle EV+4 Stlth--}
 40496 | Depths:1 | Found a gateway to Hell.
 40705 | Depths:1 | Found Miogo's Book Boutique.
 40705 | Depths:1 | Found Simadaiq's Jewellery Shoppe.
 40706 | Depths:1 | Found Qat Ipuvual's Jewellery Shoppe.
 41064 | Depths:2 | Found Connojoi's Antique Armour Boutique.
 41090 | Depths:2 | Found an iron altar of Okawaru.
 41177 | Depths:2 | Found a one-way gate leading to the halls of Pandemonium.
 41251 | Depths:2 | Found a runed translucent gate.
 41799 | Depths:2 | Found a runed translucent gate.
 41800 | Depths:2 | Found a runed translucent gate.
 41803 | Depths:2 | Noticed Jewicauj's ghost (adept MeFi)
 41803 | Depths:2 | Noticed Jewicauj's ghost (adept MeFi)
 41803 | Depths:2 | Noticed Luham's ghost (adept MeMo)
 41803 | Depths:2 | Noticed Taqapiomp's ghost (adept MiFi)
 41817 | Depths:2 | Killed Luham's ghost
 41835 | Depths:2 | Killed Jewicauj's ghost
 41847 | Depths:2 | Killed Taqapiomp's ghost
 41871 | Depths:2 | Killed Jewicauj's ghost
 42198 | Depths:3 | Reached XP level 25. HP: 206/219 MP: 23/23
 42657 | Depths:3 | Found a one-way gateway to a ziggurat.
 42889 | Depths:3 | Found a one-way gate to the infinite horrors of the Abyss.
 43154 | Depths:4 | Entered Level 4 of the Depths
 43173 | Depths:4 | Reached skill level 23 in Fighting
 43370 | Depths:4 | Found the +11 plutonium sword {Contam Stlth-}
 43376 | Depths:4 | Found a gate to the Realm of Zot.
 43970 | Depths:4 | Found a hide-covered altar of Uskayaw.
 44219 | Vaults:5 | Entered Level 5 of the Vaults
 44498 | Vaults:5 | Reached XP level 26. HP: 228/229 MP: 23/23
 44635 | Vaults:5 | Noticed an ancient lich
 44636 | Vaults:5 | Noticed an ancient lich
 44657 | Vaults:5 | Killed an ancient lich
 44665 | Vaults:5 | Killed an ancient lich
 44771 | Vaults:5 | Reached skill level 15 in Evocations
 45260 | Vaults:5 | Identified the ring of Ninineil {rElec rN+ Stlth+}
 45326 | Vaults:5 | Identified the +0 ring mail of Kikubaaqudgha's Pride
                  | {Dex+2}
 45716 | Vaults:5 | Identified the staff of death "Fierri" {rPois rN+ Str+4}
 45873 | Vaults:5 | Found Cerch's Armour Boutique.
 45887 | Vaults:5 | Got a silver rune of Zot
 46071 | Crypt:1  | Entered Level 1 of the Crypt
 46317 | Crypt:1  | Found a runed translucent gate.
 46317 | Crypt:1  | Found a runed translucent gate.
 46317 | Crypt:1  | Found a runed translucent gate.
 46530 | Crypt:1  | Reached skill level 24 in Fighting
 46985 | Crypt:2  | Noticed Khufu
 46985 | Crypt:2  | Noticed a royal mummy
 46985 | Crypt:2  | Noticed a royal mummy
 47010 | Crypt:1  | Killed a royal mummy
 47107 | Crypt:1  | Killed Khufu
 47223 | Crypt:1  | Killed a royal mummy
 47335 | Crypt:2  | Reached XP level 27. HP: 238/238 MP: 23/23
 47520 | Abyss:2  | Cast into level 2 of the Abyss (skeletal warrior)
 47678 | Abyss:2  | Found a corrupted altar of Lugonu.
 47766 | Abyss:2  | Found a corrupted altar of Lugonu.
 47766 | Abyss:2  | Found a corrupted altar of Lugonu.
 47778 | Abyss:2  | Found a corrupted altar of Lugonu.
 47781 | Abyss:2  | Found a corrupted altar of Lugonu.
 47781 | Abyss:2  | Found a corrupted altar of Lugonu.
 48081 | Crypt:2  | Escaped the Abyss
 48694 | Crypt:3  | Entered Level 3 of the Crypt
 48907 | Crypt:3  | Found a staircase to the Tomb.
 49274 | Crypt:3  | Noticed an ancient lich
 49306 | Crypt:3  | Killed an ancient lich
 49327 | Crypt:3  | Got Sif Muna's Writings on Harmful Oxidation
 49331 | Crypt:3  | Got Suxzurho's Commentary on Mortification
 49347 | Crypt:3  | Identified the +0 robe of Narcissism {rF+}
 49959 | Zot:1    | Entered Level 1 of the Realm of Zot
 50440 | Zot:2    | Noticed a Killer Klown
 50509 | Zot:2    | Noticed a Killer Klown
 50530 | Zot:2    | Killed a Killer Klown
 50549 | Zot:2    | Killed a Killer Klown
 51123 | Zot:3    | Reached skill level 25 in Fighting
 53300 | Slime:1  | Entered Level 1 of the Pits of Slime
 53373 | Slime:1  | Reached skill level 5 in Dodging
 53575 | Slime:5  | Entered Level 5 of the Pits of Slime
 53653 | Slime:5  | Noticed the Royal Jelly
 54032 | Slime:3  | Gained mutation: Your magical capacity is low. (-10% MP) [a
                  | shining eye]
 54033 | Slime:3  | Gained mutation: You are vulnerable to cold. (rC-) [a
                  | shining eye]
 54039 | Slime:3  | Gained mutation: You are frail. (-10% HP) [a shining eye]
 54041 | Slime:3  | Gained mutation: You occasionally lose the ability to read
                  | scrolls when taking damage. [a shining eye]
 54043 | Slime:3  | Gained mutation: Your magical capacity is very low. (-20%
                  | MP) [a shining eye]
 54051 | Slime:3  | Gained mutation: You occasionally lose the ability to drink
                  | potions when taking damage. [a shining eye]
 54059 | Slime:3  | Lost mutation: You are vulnerable to cold. (rC-) [potion of
                  | mutation]
 54059 | Slime:3  | Lost mutation: You are frail. (-10% HP) [potion of
                  | mutation]
 54059 | Slime:3  | Lost mutation: You occasionally lose the ability to read
                  | scrolls when taking damage. [potion of mutation]
 54059 | Slime:3  | Gained mutation: You have large cloven feet. [potion of
                  | mutation]
 54750 | Slime:5  | Found a viscous altar of Jiyva.
 54895 | Slime:5  | Killed the Royal Jelly
 55054 | Slime:5  | Got the Compendium of the Horrible Pyre
 55061 | Slime:5  | Got a slimy rune of Zot
 55062 | Slime:5  | Identified the quicksilver dragon scales "Canagull" {Harm
                  | Will+ rCorr Str-2 Int+7}
 55066 | Slime:5  | Identified the +2 demon whip "Jicza" {drain, rPois SInv
                  | Stlth+}
 55112 | Slime:5  | Acquired a manual of Dodging
 55133 | Slime:5  | Identified the +0 robe of Tenacity {rN+}
 55800 | Depths:3 | Voluntarily entered the Abyss.
 55809 | Abyss:2  | Found a corrupted altar of Lugonu.
 55957 | Abyss:3  | Got an abyssal rune of Zot
 56027 | Depths:3 | Escaped the Abyss
 57210 | Hell     | Entered the Vestibule of Hell
 57210 | Hell     | Noticed Geryon
 57299 | Hell     | Reached skill level 10 in Dodging
 57329 | Hell     | Killed Geryon
 57487 | Hell     | Found a gateway to the Iron City of Dis.
 57563 | Hell     | Found a gateway to the freezing wastes of Cocytus.
 57626 | Hell     | Found a gateway to the decaying netherworld of Tartarus.
 57633 | Hell     | Reached skill level 26 in Fighting
 57758 | Hell     | Found a gateway to the ashen valley of Gehenna.
 57819 | Geh:1    | Entered Level 1 of Gehenna
 57929 | Geh:1    | You are sucked into a shaft and drop 1 floor!
 57977 | Geh:2    | You are sucked into a shaft and drop 1 floor!
 57977 | Geh:3    | You are sucked into a shaft and drop 1 floor!
 58157 | Geh:4    | You are sucked into a shaft and drop 2 floors!
 58207 | Geh:6    | HP: 2/198 [Brimstone Fiend (11)]
 58207 | Geh:6    | Slain by a Brimstone Fiend

Illustrated notes

Levels and vault maps discovered:
D:1:      dpeg_arrival_rooms_c, layout_rooms, minmay_misc_feat_cross,
          hangedman_decor_growths, st_stairs_2, kennysheep_minor_cross
D:2:      layout_rooms, basic_altar
D:3:      layout_loops_ring, grunt_temple_overflow_open,
          dreamdust_ecumenical_altar_statues, serial_shops,
          nicolae_shop_tiny_waterfront, ebering_ghost_rock_garden,
          amcnicky_mini_pool_small, minmay_goblin_kobold_house, uniq_terence
D:4:      layout_layer_cave, bloody_trog, temple_pool_b,
          ebering_ghost_disaster_area, hangedman_decor_slide_cut
D:5:      layout_layer_cave, mainiacjoe_overflow_alcove_4, gammafunk_ghost_grave
D:6:      layout_loops_ring, serial_shops, nicolae_shop_scrapyard,
          grunt_ministairs_15, uniq_crazy_yiuf_cottage
D:7:      layout_basic, nicolae_ashenzari_skybound, general_overflow_altar,
          tso_metal_star
D:8:      layout_basic, kennysheep_little_box, serial_demonic, serial_demonic_b,
          serial_demonic_a, serial_demonic_a, serial_demonic_c
D:9:      layout_loops_ring, mainiacjoe_overflow_tiny_flanked,
          mainiacjoe_overflow_swirl, nicolae_wooded_promenade, uniq_pikel,
          uniq_maurice
D:10:     layout_loops_ring, hangedman_ru_absence, elyvilon_altar_5,
          dpeg_oklobed_lair, david_orc_2, gammafunk_ghost_nasty_kobolds,
          minmay_joined_circles, uniq_harold
D:11:     layout_roguey, feat_on_display, uniq_lodul
D:12:     layout_irregular_city, portal_ice_cave_demonic_guard
D:13:     layout_big_octagon, erik_vaults_2,
          nicolae_gozag_cash_rules_everything_around_me
D:14:     layout_cave_pods, nicolae_dithmenos_through_a_glass_darkly
D:15:     hangedman_depths_entry_try_elsewhere_first, layout_irregular_city
Temple:   hellmonk_temple_divided_pantheon
Lair:1:   layout_roguey, basic_altar, infiniplex_staircase_pool_2, uniq_grum,
          uniq_fannar
Lair:2:   layout_gridlike, nicolae_shoals_entry_roost, spider_nest_entry_rubble,
          grunt_megastairs_5, lemuel_fruit_fields, uniq_maggie, uniq_erica
Lair:3:   wad_woods_stonehenge, layout_loops_ring, gauntlet_entry_generic,
          serial_bayou_shore_a, uniq_gastronok
Lair:4:   layout_gridlike
Lair:5:   due_jungle_book, layout_gridlike, slime_entry_1, tgw_fedhas,
          grunt_megastairs_4
Shoals:1: layout_shoals, serial_shops, shop, nicolae_shoals_beach_cooler
Shoals:2: layout_shoals
Shoals:3: layout_shoals, gammafunk_ghost_cemetery,
          nicolae_shoals_hidden_pirate_stash, uniq_louise
Shoals:4: shoals_end_hellmonk_storm_palace [storm_palace_center_square,
          storm_palace_corner_narrow, storm_palace_corner_blocked,
          storm_palace_corner_pillars, storm_palace_corner_altar]
Spider:1: layout_cave_pods
Spider:2: layout_spider_delve, einodemon_crawler_minivault, uniq_arachne,
          uniq_roxanne
Spider:3: layout_cave_pods, nicolae_orb_island, uniq_donald
Spider:4: hellmonk_spider_rune_bug_friends, uniq_aizul
Slime:1:  layout_caves, cheibrodos_slime_lost_civilization_4
Slime:2:  layout_caves
Slime:3:  layout_caves
Slime:4:  layout_caves
Slime:5
Orc:1:    layout_caves, mines1_david
Orc:2:    st_orc_town, layout_diamond_mine, serial_shops,
          nicolae_shop_statue_plus, basic_altar, mines4_lemuel
Elf:1:    layout_geoelf_octagon, serial_aquarium, aquarium_bridge_square
          [aquarium_subvault_wall, aquarium_subvault_wall,
          aquarium_subvault_bridge, aquarium_subvault_bridge],
          aquarium_window_1, aquarium_window_fake, aquarium_view_2b,
          aquarium_balcony_3a, aquarium_pool_corner, minmay_elf_necromancy
Elf:2:    elven_hall_of_blades_hangedman_original
          [nicolae_blade_entry_sentries_behind_glass], layout_geoelf_octagon,
          uniq_jorgrun
Elf:3:    grunt_elf_hall_diamonds, layout_loops_corners, basic_altar,
          nrook_loot_triangle
Vaults:1: v_alt_pattern_3, v_alt_pattern_2, nicolae_vaults_surprise_closet,
          v_misc_5, v_misc_26, nicolae_vaults_stepped_doors,
          ontoclasm_vaults_gallery, hangedman_vaults_river_flow,
          ontoclasm_vaults_decontamination, nicolae_vaults_circle_grid_b,
          ontoclasm_vaults_ligature, nicolae_vaults_storage_room_statues,
          layout_vaults_maze_snakey
Vaults:2: portal_desolation_entry_holy_temple, nicolae_vaults_mini_display_case,
          v_misc_24, nicolae_vaults_puzzle_piece, minmay_crypt_entry_simple_box,
          v_alt_pattern_5, dpeg_vaults_monster_box, v_misc_12,
          nicolae_vaults_lightning_bolt, v_misc_18, sword_in_stone,
          nicolae_vaults_trapezoid_3, layout_vaults_omnicross, serial_shops,
          shop, nicolae_shop_gaudy_bauble, nicolae_shop_hallway_plus,
          nicolae_diamond_shop
Vaults:3: nicolae_vaults_quartermaster, v_misc_30, vaults_mumra_chevron_long,
          hangedman_vaults_locks, nicolae_vaults_puzzle_piece,
          hangedman_vaults_unwind, v_misc_28, v_pattern_2,
          nicolae_vaults_big_angled_halls, nicolae_vaults_back_hallway,
          nicolae_vaults_little_squares_2, nicolae_vaults_diamond_1,
          layout_vaults_ring
Vaults:4: nicolae_vaults_trapezoid_lopsided_1, hangedman_vaults_restitches,
          nicolae_vaults_double_plus_3, nicolae_vaults_house_1, v_misc_12,
          v_misc_8, hangedman_vaults_restitches, nicolae_vaults_house_2,
          v_pattern_5, layout_vaults_omnigrid, uniq_zenata
Vaults:5
Crypt:1:  layout_regular_city, corexii_leaking_fountain, pandoras_box_mu,
          grunt_crypt_arrival_guarded_gate, roderic_lattice_octagonal_star
Crypt:2:  layout_gridlike, grunt_megastairs_3, uniq_khufu
Crypt:3:  david_glass_crypt, layout_chaotic_city,
          nicolae_tomb_entry_unfolded_pyramid_diagonal,
          serial_sigils_hangedman_snap
Depths:1: layout_cave_shapes, roderic_nine_men_s_morris, hell_entry,
          hellmonk_guarded_unrand_starlight, kennysheep_random_hallway,
          minmay_shop_grove
Depths:2: minmay_octo_star, layout_honeycomb, pan_entry, okawaru_trees_1,
          gammafunk_ghost_cemetery, grunt_mini_vestibule, serial_shops,
          shop_coins
Depths:3: nicolae_cairo_tiling_very_big, layout_honeycomb, enter_ziggurat_a,
          pf_hell_entry_great_geh, abyss_entry, serial_bayou_lake_a
Depths:4: evilmike_zot_entry_argh, layout_cave_pools,
          grunt_pan_entry_in_and_out, hell_entry, nicolae_uskayaw_dance_hall,
          uniq_frederick
Hell
Geh:1:    layout_gehenna_lava_caves
Geh:2:    layout_gehenna_lava_caves
Geh:3:    nicolae_geh_split_lavaduct, layout_gehenna_lava_caves
Geh:4:    layout_gehenna_pools_basic
Geh:6:    layout_gehenna_lava_caves, hangedman_elemental_grid_stream
Zot:1:    layout_onion_interference
Zot:2:    grunt_zot_stairs_faceoff, layout_onion_interference
Zot:3:    layout_onion_interference, lemuel_elevator
Zot:4:    layout_cellular_growth

Skill      XL: |  1  2  3  4  5  6  7  8  9 10 11 12 13 14 15 16 17 18 19 20 21 22 23 24 25 26 27 |
---------------+----------------------------------------------------------------------------------+-----
Staves         | 3 4 5 6 8 10 11 13 14 16 17 | 17.0
Fighting       | 4 5 6 7 8 9 11 13 15 16 17 18 19 20 21 22 23 24 26 | 26.1
Armour         | 4 5 6 7 8 9 10 11 12 14 15 16 17 18 19 20 21 22 23 25 | 25.2
Shields        | 5 6 7 8 10 11 12 13 15 16 17 18 19 20 23 | 23.9
Dodging        | 1 4 12 | 12.7
Polearms       | 1 10 13 15 16 17 19 20 21 22 23 25 | 25.9
Evocations     | 2 6 8 10 11 13 14 15 | 15.4

Action                     |  1- 3 |  4- 6 |  7- 9 | 10-12 | 13-15 | 16-18 | 19-21 | 22-24 | 25-27 || total
---------------------------+-------+-------+-------+-------+-------+-------+-------+-------+-------++-------
  Melee: Quarterstaff      |    54 |   209 |   281 |   621 |  1285 |   559 |       |       |       ||  3009
         Lance             |       |       |       |       |       |   766 |  2701 |  2663 |  4644 || 10774
         Lajatang          |       |       |       |       |       |   269 |       |       |       ||   269
         Bardiche          |       |       |       |       |       |       |       |    18 |       ||    18
 Invoke: Serpent's Lash    |       |       |       |     1 |    14 |    12 |    19 |    15 |    23 ||    84
         Heavenly Storm    |       |       |       |       |       |       |     2 |       |     3 ||     5
Ability: Shaft Self        |       |       |     1 |       |       |       |       |       |     4 ||     5
         Dig               |       |       |     1 |       |     2 |     9 |     3 |     1 |    10 ||    26
         Lunge             |       |       |       |    27 |    72 |   142 |   160 |   108 |   261 ||   770
         Whirlwind         |       |       |       |    12 |   230 |   214 |   518 |   676 |  1101 ||  2751
         Wall Jump         |       |       |       |       |       |     1 |       |     1 |       ||     2
  Evoke: Wand              |       |       |       |       |       |       |       |       |     1 ||     1
    Use: Potion            |       |       |       |     2 |     5 |     3 |     1 |     3 |    11 ||    25
         Scroll            |       |       |       |       |    15 |     7 |     7 |     3 |    13 ||    45
   Stab: Confused          |       |       |       |     3 |     7 |       |       |       |     1 ||    11
         Paralysed         |       |       |       |     1 |     5 |     1 |       |       |       ||     7
         Distracted        |       |       |       |     1 |       |     1 |       |       |       ||     2
         Invisible         |       |       |       |       |     1 |       |       |       |     7 ||     8
         Petrifying        |       |       |       |       |     2 |       |       |       |       ||     2
 Armour: Scale mail        |    23 |    76 |   111 |    56 |       |       |       |       |       ||   266
         Acid dragon scale |       |       |       |    97 |   209 |       |       |       |       ||   306
         Crystal plate arm |       |       |       |       |    16 |   470 |   480 |   609 |   820 ||  2395
         Chain mail        |       |       |       |       |       |       |   218 |       |       ||   218
         Pearl dragon scal |       |       |       |       |       |       |       |       |    84 ||    84
  Dodge: Dodged            |    23 |   102 |   109 |   169 |   197 |   175 |   358 |   250 |   659 ||  2042
  Block: Buckler           |    14 |    59 |    73 |   125 |   203 |   125 |       |       |       ||   599
         Tower shield      |       |       |       |       |       |   736 |  1980 |  1608 |  2865 ||  7189
